 Dungeon Crawl Stone Soup version 0.27-a0-1200-g94dc6ad (webtiles) character file.

Game seed: 11605662512870129049

2 Meow the Stinger (level 1, 15/15 HPs)
             Began as a Naga Venom Mage on June 1, 2021.
             Quit the game on level 1 of the Dungeon.
             The game lasted 00:00:22 (46 turns).

Meow the Stinger (Naga Venom Mage)                    Turns: 46, Time: 00:00:23

Health: 15/15      AC:  1    Str: 10    XL:     1   Next: 30%
Magic:  3/3        EV:  9    Int: 15    God:
Gold:   0          SH:  0    Dex: 11    Spells: 3/4 levels left

rFire    . . .     SeeInvis +   (no weapon)
rCold    . . .     Faith    .   (no shield)
rNeg     . . .     Spirit   .   a - +0 robe
rPois    +         Reflect  .   (no helmet)
rElec    .         Harm     .   (no cloak)
rCorr    .         Rampage  .   (no gloves)
Will     .....                  (no barding)
Stlth    ++........             (no amulet)
HPRegen  0.05/turn              (no ring)
MPRegen  0.08/turn              (no ring)

@: short of breath, very slow
A: AC +0, large, see invisible, deformed body, poison resistance, slowness 2,
spit poison 1, naga tail 1
a: Spit Poison


You were on level 1 of the Dungeon.
You visited 1 branch of the dungeon, and saw 1 of its levels.

Inventory:

Armour
 a - a +0 robe (worn)
 b - a +0 buckler


   Skills:
 - Level 1.5 Dodging
 - Level 3.0 Stealth
 + Level 2.0 Spellcasting
 + Level 0.3 Conjurations
 - Level 1.0 Transmutations
 - Level 4.0 Poison Magic


You had 3 spell levels left.
You knew the following spells:

 Your Spells              Type           Power      Damage    Failure   Level
a - Sting                 Tmut/Pois      36%        1d4       8%          1

Your spell library contained the following spells:

 Spells                   Type           Power      Damage    Failure   Level
 Poisonous Vapours        Pois/Air       14%        N/A       14%         2
 Ignite Poison            Fire/Tmut/Pois 6%         N/A       32%         3
 Mephitic Cloud           Conj/Pois/Air  5%         N/A       36%         3
 Olgreb's Toxic Radiance  Pois           13%        N/A       38%         4


Dungeon Overview and Level Annotations

Branches:
Dungeon (1/15)

Altars:


Innate Abilities, Weirdness & Mutations

Your serpentine skin is tough. (AC +0)
You have supernaturally acute eyesight. (SInv)
Armour fits poorly on your strangely shaped body.
Your system is resistant to poisons. (rPois)
You cover ground very slowly.
You can spit poison.
You have a snake-like lower body.


Message History

You open the door.
There is an open door here.
Found a buckler.
A quokka comes into view.
A quokka is nearby!
Press: ? - help, Shift-Dir - straight line, f - quokka
Aim: a quokka The splash of poison hits the quokka but does no damage.
Unknown command.
Casting: Sting (safe; 8% risk of failure)
Confirm with . or Enter, or press ? or * to list all spells.
Aiming: Sting (safe; 8% risk of failure)
Press: ? - help, Shift-Dir - straight line, f/p - quokka
Aim: a quokka (56% to hit)
The sting hits the quokka but does no damage.
The quokka is poisoned.
You have got your breath back.
Casting: Sting (safe; 8% risk of failure)
Confirm with . or Enter, or press ? or * to list all spells.
Aiming: Sting (safe; 8% risk of failure)
Press: ? - help, Shift-Dir - straight line, f/p - quokka
Aim: a quokka (moderately wounded, poisoned, 56% to hit)
The sting hits the quokka.
The quokka looks even sicker.
The quokka is heavily wounded.
You kill the quokka!
You start resting.
Magic restored.
Found 7 gold pieces.
A kobold comes into view. It is wielding a +0 club.
Found a scroll labelled FITI IQUOWOHO.
You see here a +0 buckler.
b - a +0 buckler 2 hobgoblins come into view.
Press: ? - help, Shift-Dir - straight line, f - kobold
Aim: a kobold, wielding a +0 club The splash of poison hits the kobold.
The kobold is poisoned.
The kobold is moderately wounded.
You kill the kobold!
Unknown command.
Are you sure you want to abandon this character and quit the game? (Confirm with "yes".)

.....# g.....#
....... .......
....... .......
.......############
....)....@........#
.........#######.##
..$.....#.# #.#
........##.. ##'##
........# ##. +...+
......#.# ##.<.#
.?......# +...+
g####...# ##+##


There were no monsters in sight!

Vanquished Creatures
  A quokka (D:1)
  A kobold (D:1)
2 creatures vanquished.

Notes
Turn   | Place    | Note
-------+----------+-------------------------------------------
     0 | D:1      | Meow the Naga Venom Mage began the quest for the Orb.
     0 | D:1      | Reached XP level 1. HP: 15/15 MP: 3/3
    46 | D:1      | Quit the game

Illustrated notes

Levels and vault maps discovered:
D:1:      dpeg_arrival_radiant, layout_rooms, chequers_ecumenical_altar_simple

Action                   || total
-------------------------++-------
 Cast: Sting             ||     2
 Abil: Spit Poison       ||     2

Table legend: (Time is in decaauts)
 A = Elapsed time spent in this place.
 B = Non-inter-level travel time spent in this place.
 C = Inter-level travel time spent in this place.
 D = Time resting spent in this place.
 E = Time spent auto-exploring this place.
 F = Levels seen in this place.
 G = Mean time per level.
                   A        B        C        D        E       F      G
               +--------+--------+--------+--------+--------+-----+--------+
         Total |     52 |     52 |      0 |     23 |      0 |   1 |   52.0 |
       Dungeon |     52 |     52 |      0 |     23 |      0 |   1 |   52.0 |
               +--------+--------+--------+--------+--------+-----+--------+

Top non-repeatable levels by time:
     D:1: 52 daAuts
